 Dungeon Crawl Stone Soup version 0.24.0-123-gd5b16e6ec5 (webtiles) character file.

Game seed: 1350029409670623170, levelgen mode: deterministic

18 vurker the Gusty (level 2, -2/16 HPs)
             Began as a Tengu Air Elementalist on Feb 2, 2020.
             Slain by an adder (5 damage)
             ... on level 2 of the Dungeon.
             The game lasted 00:01:17 (1459 turns).

vurker the Gusty (Tengu Air Elementalist)           Turns: 1459, Time: 00:01:18

Health: -2/16      AC:  2    Str:  8    XL:     2   Next: 70%
Magic:  0/6        EV: 12    Int: 15    God:
Gold:   22         SH:  0    Dex: 14    Spells: 4/5 levels left

rFire    . . .     SeeInvis .   f - +0 dagger
rCold    . . .     Gourm    .   (no shield)
rNeg     . . .     Faith    .   a - +0 robe
rPois    .         Spirit   .   (helmet restricted)
rElec    .         Reflect  .   (no cloak)
rCorr    .         Harm     .   (no gloves)
MR       .....                  (boots unavailable)
Stlth    ++........             (no amulet)
HPRegen  0.05/turn              (no ring)
MPRegen  0.10/turn              (no ring)

@: lethally poisoned (-2 -> -8)
A: beak, talons 3
a: no special abilities


You were on level 2 of the Dungeon.
You were not hungry.

You visited 1 branch of the dungeon, and saw 2 of its levels.

You collected 22 gold pieces.

Inventory:

Hand Weapons
 f - a +0 dagger (weapon)
   (You took it off a kobold on level 1 of the Dungeon)
Armour
 a - a +0 robe (worn)
Scrolls
 b - a scroll of blinking {unknown}
 c - a scroll of enchant armour {unknown}
 d - 3 scrolls of identify {unknown}
Comestibles
 e - 4 rations


   Skills:
 + Level 0.4 Fighting
 - Level 2.1 Dodging
 - Level 2.0 Stealth
 * Level 2.3 Spellcasting
 * Level 2.2 Conjurations
 * Level 4.4 Air Magic


You had 4 spell levels left.
You knew the following spells:

 Your Spells              Type           Power        Failure   Level  Hunger
a - Shock                 Conj/Air       ##..         5%          1    #......

Your spell library contained the following spells:

 Spells                   Type           Power        Failure   Level  Hunger
 Swiftness                Chrm/Air       #.......     13%         2    ###....
 Static Discharge         Conj/Air       ##......     17%         3    ###....
 Airstrike                Air            ###.......   34%         4    #####..
 Lightning Bolt           Conj/Air       ##........   83%         5    ######.


Dungeon Overview and Level Annotations

Branches:
Dungeon (2/15)

Altars:


Innate Abilities, Weirdness & Mutations

You have a beak for a mouth.
You have claws for feet.


Message History

e - 4 rations (gained 1)
You enter the shallow water.
Moving in this stuff is going to be slow.
Found a dagger.
Done exploring.
Done exploring.
Done exploring.
Done exploring.
There is an escape hatch in the floor here.
There is a stone staircase leading down here.
You climb downwards.
There is a stone staircase leading up here.
An adder comes into view.
Aim: an adder The zap hits the adder.
Aim: an adder (lightly wounded)
The zap hits the adder.
Aim: an adder (moderately wounded)
The zap misses the adder.
Aim: an adder (lightly wounded)
The zap misses the adder.
The adder bites you.
Aim: an adder (lightly wounded)
The zap misses the adder.
The adder closely misses you.
Aim: an adder (lightly wounded)
The zap hits the adder.
The adder barely misses you.
You don't have enough magic to cast that spell.
You miss the adder. You peck the adder, but do no damage.
The adder barely misses you. x2
You closely miss the adder. Your kick misses the adder. The adder bites you.
* * * LOW HITPOINT WARNING * * *
You are lethally poisoned!
The adder poisons you!
It was a potion of curing.
You feel better. The adder bites you but does no damage.
You hit the adder. The adder bites you. The adder closely misses you.
You barely miss the adder. The adder bites you but does no damage.
You closely miss the adder. The adder bites you.
You closely miss the adder. Your kick misses the adder.
Your peck misses the adder. The adder closely misses you. x2
You completely miss the adder. Your kick misses the adder. The adder bites you.
* * * LOW HITPOINT WARNING * * *
Aim: an adder (heavily wounded)
The zap hits the adder.
The adder bites you.
* * * LOW HITPOINT WARNING * * *
You are lethally poisoned!
The adder poisons you!
* * * LOW HITPOINT WARNING * * *
You feel sick.
You hit the adder but do no damage. The adder bites you.
You die...

########
#.....<#
#@######
#S# #.#
#.# #.#
#.# #.#
#.# #.#


You could see an adder.

Vanquished Creatures
  A ball python (D:1)
  3 bats (D:1)
  A giant cockroach (D:1)
  3 goblins (D:1)
  A hobgoblin (D:1)
  3 kobolds (D:1)
  3 frilled lizards (D:1)
  A rat (D:1)
16 creatures vanquished.

Vanquished Creatures (others)
  4 toadstools (D:1)
4 creatures vanquished.

Grand Total: 20 creatures vanquished

Notes
Turn   | Place    | Note
-------+----------+-------------------------------------------
     0 | D:1      | vurker the Tengu Air Elementalist began the quest for the
                  | Orb.
     0 | D:1      | Reached XP level 1. HP: 10/10 MP: 4/4
   438 | D:1      | Reached XP level 2. HP: 15/15 MP: 6/6
  1459 | D:2      | Slain by an adder

Levels and vault maps discovered:
D:1:      ldierk_walled_garden_2, layout_basic, minmay_misc_feat_five
D:2:      cheibrodos_old_hovel, layout_basic, lemuel_round_altar

Skill      XL: |  1  2 |
---------------+-------+-----
Conjurations   | 2 |  2.2
Fighting       | |  0.4
Dodging        | |  2.1
Stealth        | |  2.0
Spellcasting   | |  2.3
Air Magic      | |  4.4

Action                   || total
-------------------------++-------
Melee: Whip              ||     4
       Unarmed           ||     2
       Kick              ||     3
       Dagger            ||    15
       Peck              ||     2
 Cast: Shock             ||    34
  Use: Potion            ||     1
  Eat: Chunk             ||     2
Armor: Robe              ||     6
Dodge: Dodged            ||    28
